 Dungeon Crawl Stone Soup version 0.28-a0-750-g7c675f85b1 (webtiles) character file.

Game seed: 8740694814793700369

53 ytrimaz the Shield-Bearer (level 3, -1/29 HPs)
             Began as a Demonspawn Fighter on Oct 30, 2021.
             Slain by an ogre (12 damage)
             ... on level 3 of the Dungeon.
             The game lasted 00:02:00 (1887 turns).

ytrimaz the Shield-Bearer (Demonspawn Fighter)      Turns: 1887, Time: 00:02:00

Health: -1/29      AC:  7    Str: 17    XL:     3   Next: 62%
Magic:  3/3        EV:  9    Int:  9    God:
Gold:   24         SH:  4    Dex: 12    Spells: 2/2 levels left

rFire   . . .      SeeInvis .   a - +0 rapier
rCold   . . .      Faith    .   c - +0 buckler
rNeg    . . .      Spirit   .   b - +0 scale mail
rPois   .          Reflect  .   g - +0 helmet
rElec   .          Harm     .   (no cloak)
rCorr   .          Rampage  .   (no gloves)
Will    .....                   (no boots)
Stlth   ..........              (no amulet)
HPRegen 0.09/turn               (no ring)
MPRegen 0.08/turn               (no ring)

@: no status effects
A: weakness stinger 1
a: no special abilities


You were on level 3 of the Dungeon.
You visited 1 branch of the dungeon, and saw 3 of its levels.

You collected 24 gold pieces.

Inventory:

Hand Weapons
 a - a +0 rapier (weapon)
Armour
 b - a +0 scale mail (worn)
 c - a +0 buckler (worn)
 g - a +0 helmet (worn)
Jewellery
 j - a ring of ice
Scrolls
 f - a scroll of magic mapping
Potions
 d - a potion of might
 e - a potion of heal wounds {unknown}
 h - 2 potions of degeneration
 i - a potion of invisibility {unknown}
 k - a potion of ambrosia {unknown}


   Skills:
 + Level 3.3 Fighting
 + Level 2.1 Short Blades
 + Level 3.1 Armour
 * Level 3.4 Shields


You had 2 spell levels left.
You didn't know any spells.
Your spell library contained the following spells:

 Spells                   Type           Power      Damage    Failure   Level
 Corpse Rot               Necr/Air       0%         N/A       91%         2
 Ozocubu's Armour         Ice            0%         N/A       99%         3
 Dispel Undead            Necr           0%         3d6       100%        4
 Summon Ice Beast         Ice/Summ       0%         N/A       100%        4
 Death Channel            Necr           0%         N/A       100%        6
 Haunt                    Necr/Summ      0%         N/A       100%        7


Dungeon Overview and Level Annotations

Branches:
Dungeon (3/15)

Altars:


Innate Abilities, Weirdness & Mutations

You have a small tail.


Message History

Found a stone staircase leading down.
There is a stone staircase leading down here.
Done exploring.
Done exploring.
Done exploring.
There is a stone staircase leading down here.
You climb downwards.
Found 15 gold pieces.
There is a stone staircase leading up here.
You now have 24 gold pieces (gained 15).
Found a stone staircase leading up.
There is a stone staircase leading up here.
Found a stone staircase leading down.
Found a stone staircase leading down.
l - a scroll labelled DETHEMNYTT An ogre comes into view.
It is wielding a +0 giant spiked club.
The ogre shouts!
An ogre is nearby!
An ogre is nearby!
You closely miss the ogre. The ogre closely misses you.
You barely miss the ogre. You hit the ogre.
Your tail-slap misses the ogre.
The ogre is lightly wounded.
The ogre hits you with a +0 giant spiked club!!
Ouch! That really hurt!
* * * LOW HITPOINT WARNING * * *
Unknown command.
There is a stone staircase leading up here.
There is a stone staircase leading down here.
There is a stone staircase leading up here.
An adder comes into view.
The adder hisses angrily.
There is a stone staircase leading down here.
Okay, then.
As you read the scroll labelled DETHEMNYTT, it crumbles to dust.
It is a scroll of identify.
h - 2 potions of degeneration The adder closely misses you.
The ogre hits you with a +0 giant spiked club!
You die...

#.....>........#
#.......#......
#.#####.....#
##.## #.#.#.#
#######...# #.#.#
.......<..# #.#.#
#...#.#...####.#.#
............##O#.#
...###..##.##@#.#
##.# #..##.##S#.#
... #..##<##.#.# #
#...#.##.#.###.##
....#.............
##..
#..#...####### #.#
#..##.## #..##.#
...##.#


You could see an ogre and an adder.

Vanquished Creatures
  A jelly (D:2)
  3 bats
  4 endoplasms
  A giant cockroach (D:2)
  3 goblins (D:1)
  A hobgoblin (D:2)
  A frilled lizard (D:2)
  5 kobolds
  4 rats
23 creatures vanquished.

Notes
Turn   | Place    | Note
-------+----------+-------------------------------------------
     0 | D:1      | ytrimaz the Demonspawn Fighter began the quest for the Orb.
     0 | D:1      | Reached XP level 1. HP: 18/18 MP: 1/1
   118 | D:1      | Found a faded altar of an unknown god.
   234 | D:1      | Gained mutation: You have a small tail. [demonic ancestry]
   234 | D:1      | Reached XP level 2. HP: 22/24 MP: 2/2
  1123 | D:2      | Reached XP level 3. HP: 8/29 MP: 3/3
  1615 | D:2      | Got the Collected Works on Dark Arts and Ice
  1822 | D:3      | Noticed an ogre
  1887 | D:3      | Slain by an ogre

Illustrated notes

Levels and vault maps discovered:
D:1:      onia_arrival_mini_spirals, layout_loops_ring,
          shapermc_ecumenical_altar_mp_highgroup
D:2:      layout_basic
D:3:      layout_loops_ring, amcnicky_altar_gilded,
          wander_ebering_terrifying_dragon_lair, uniq_terence

Skill      XL: |  1  2 |
---------------+-------+-----
Shields        | 3 |  3.4
Short Blades   | 2 |  2.1
Armour         | 3 |  3.1
Fighting       | |  3.3

Action                   || total
-------------------------++-------
Melee: Rapier            ||    63
       Tailslap          ||     5
  Use: Scroll            ||     3
Armor: Scale mail        ||    19
Dodge: Dodged            ||    24
Block: Buckler           ||    10

Table legend: (Time is in decaauts)
 A = Elapsed time spent in this place.
 B = Non-inter-level travel time spent in this place.
 C = Inter-level travel time spent in this place.
 D = Time resting spent in this place.
 E = Time spent auto-exploring this place.
 F = Levels seen in this place.
 G = Mean time per level.
                   A        B        C        D        E       F      G
               +--------+--------+--------+--------+--------+-----+--------+
         Total |   1893 |   1837 |     56 |    221 |   1292 |   3 |  631.0 |
       Dungeon |   1893 |   1837 |     56 |    221 |   1292 |   3 |  631.0 |
               +--------+--------+--------+--------+--------+-----+--------+

Top non-repeatable levels by time:
     D:2: 1005 daAuts
     D:1: 795 daAuts
     D:3: 93 daAuts
